 Dungeon Crawl Stone Soup version 0.28-a0-1227-ga9037bb4c8 (webtiles) character file.

Game seed: 9467814015193604852

53 Lavandula the Ruffian (level 4, 0/32 HPs)
             Began as a Formicid Transmuter on Dec 22, 2021.
             Slain by Jessica (2 damage)
             ... on level 2 of the Dungeon.
             The game lasted 00:02:10 (1315 turns).

Lavandula the Ruffian (Formicid Transmuter)         Turns: 1315, Time: 00:02:11

Health: 0/32       AC:  2    Str: 17    XL:     4   Next: 10%
Magic:  3/7        EV: 12    Int: 12    God:
Gold:   42         SH:  0    Dex: 11    Spells: 1/7 levels left

rFire   . . .      SeeInvis +     - Unarmed
rCold   . . .      Faith    .   (no shield)
rNeg    . . .      Spirit   .   a - +0 robe
rPois   .          Reflect  .   (helmet unavailable)
rElec   .          Harm     .   (no cloak)
rCorr   .          Rampage  .   (no gloves)
Will    .....                   (no boots)
Stlth   +.........              (no amulet)
HPRegen 0.10/turn               (no ring)
MPRegen 0.10/turn               (no ring)

@: no status effects
A: permanent stasis, dig shafts and tunnels, antennae 3, four strong arms
a: Dig, Shaft Self


You were on level 2 of the Dungeon.
You visited 1 branch of the dungeon, and saw 2 of its levels.

You collected 42 gold pieces.

Inventory:

Missiles
 d - 3 boomerangs
Armour
 a - a +0 robe (worn)
Jewellery
 c - a ring of ice
Scrolls
 b - 2 scrolls of teleportation {unknown}
 e - a scroll of silence {unknown}
 f - a scroll of amnesia {unknown}
 g - 2 scrolls of fog {unknown}
 h - a scroll of fear {unknown}
 i - a scroll of vulnerability {unknown}


   Skills:
 - Level 1.1 Fighting
 - Level 1.7 Dodging
 - Level 3.5 Unarmed Combat
 - Level 2.1 Spellcasting
 - Level 3.1 Transmutations
 + Level 2.4 Poison Magic


You had one spell level left.
You knew the following spells:

 Your Spells              Type           Power      Damage    Failure   Level
a - Beastly Appendage     Tmut           16%        N/A       8%          1
b - Wereblood             Tmut           8%         N/A       11%         2
c - Spider Form           Tmut/Pois      8%         N/A       26%         3

Your spell library contained the following spells:

 Spells                   Type           Power      Damage    Failure   Level
 Ice Form                 Ice/Tmut       5%         N/A       80%         4


Dungeon Overview and Level Annotations

Branches:
Dungeon (2/15)

Altars:

Annotations:
D:2 Jessica


Innate Abilities, Weirdness & Mutations

You cannot be hasted, slowed, berserked, paralysed or teleported.
You can dig through walls and to a lower floor.
You have a pair of large antennae on your head. (SInv)
Your four strong arms can wield two-handed weapons with a shield.


Message History

Casting: Beastly Appendage (safe; 8% risk of failure)
Confirm with . or Enter, or press ? or * to list all spells.
You don't have enough magic to cast this spell.
Unknown command.
You escape the ball python's grasp.
You barely miss the ball python. You claw the ball python.
The ball python is moderately wounded.
Jessica gestures wildly.
Jessica mumbles some strange words.
Jessica blinks!
The ball python barely misses you. The ball python grabs you.
The ball python constricts you.
You closely miss the ball python. Your kick misses the ball python.
The ball python is moderately wounded.
The ball python bites you. The ball python constricts you.
The ball python's grasp on you weakens, but your attempt to escape fails.
The ball python bites you but does no damage.
The ball python constricts you.
You escape the ball python's grasp.
You punch the ball python!
You kill the ball python!
The kobold hits you with a +0 short sword.
You hit the kobold.
You kill the kobold!
Your talons disappear.
No target in view!
You barely miss Jessica.
Jessica is moderately wounded.
Jessica hits you with a +0 club. Jessica barely misses you.
You barely miss Jessica.
Jessica is moderately wounded.
Jessica points at you and mumbles some strange words.
Pain shoots through your body!
* * * LOW HITPOINT WARNING * * *
You are too injured to fight recklessly!
You closely miss Jessica.
Jessica is moderately wounded.
Jessica hits you with a +0 club.
* * * LOW HITPOINT WARNING * * *
Jessica hits you with a +0 club.
You die...

########## ........##
#@.##...# ######
#@#(#..# #....# .
#.#:#..####....#
....####.#[#...†......#
.......)..##.#####....#
.....###.....# #....#
... ###########....# .
#...#..### . #...#.## .
.# #.....#


You could see Jessica (fast).

Vanquished Creatures
  An adder (D:2)
  A gnoll (D:1)
  A dart slug (D:2)
  An orc (D:2)
  3 ball pythons
  2 endoplasms (D:1)
  3 goblins (D:1)
  4 hobgoblins
  A quokka (D:1)
  5 bats (D:1)
  2 frilled lizards (D:1)
  4 kobolds (D:2)
28 creatures vanquished.

Vanquished Creatures (others)
  A plant (D:1)
1 creature vanquished.

Grand Total: 29 creatures vanquished

Notes
Turn   | Place    | Note
-------+----------+-------------------------------------------
     0 | D:1      | Lavandula the Formicid Transmuter began the quest for the
                  | Orb.
     0 | D:1      | Reached XP level 1. HP: 15/15 MP: 3/3
    80 | D:1      | Reached XP level 2. HP: 20/21 MP: 5/5
   106 | D:1      | Learned a level 2 spell: Wereblood
   539 | D:1      | Reached XP level 3. HP: 25/26 MP: 3/6
   543 | D:1      | Learned a level 3 spell: Spider Form
   842 | D:1      | Found a faded altar of an unknown god.
  1085 | D:2      | Reached skill level 1 in Poison Magic
  1283 | D:2      | Reached XP level 4. HP: 32/32 MP: 3/7
  1291 | D:2      | Noticed Jessica
  1315 | D:2      | Slain by Jessica

Illustrated notes

Levels and vault maps discovered:
D:1:      dpeg_arrival_court, layout_basic, serial_corexii_hall,
          corexii_hall_statues_x, corexii_hall_statues_l,
          shapermc_ecumenical_altar_flowoftime, nicolae_grassy_gnolls
D:2:      layout_rooms, minmay_pentomino_q2, uniq_jessica

Skill      XL: |  1  2  3 |
---------------+----------+-----
Transmutations | 3 |  3.1
Poison Magic   | 2 |  2.4
Fighting       | |  1.1
Dodging        | |  1.7
Unarmed Combat | |  3.5
Spellcasting   | |  2.1

Action                   |  1- 3 |  4- 6 || total
-------------------------+-------+-------++-------
Melee: Unarmed           |    70 |    16 ||    86
       Kick              |    13 |     3 ||    16
       Punch             |     2 |       ||     2
 Cast: Beastly Appendage |    14 |     1 ||    15
       Wereblood         |     2 |       ||     2
       Spider Form       |     1 |       ||     1
 Stab: Sleeping          |     1 |       ||     1
Armor: Robe              |    20 |     1 ||    21
Dodge: Dodged            |    56 |    10 ||    66

Table legend: (Time is in decaauts)
 A = Elapsed time spent in this place.
 B = Non-inter-level travel time spent in this place.
 C = Inter-level travel time spent in this place.
 D = Time resting spent in this place.
 E = Time spent auto-exploring this place.
 F = Levels seen in this place.
 G = Mean time per level.
                   A        B        C        D        E       F      G
               +--------+--------+--------+--------+--------+-----+--------+
         Total |   1308 |   1291 |     17 |      2 |   1066 |   2 |  654.0 |
       Dungeon |   1308 |   1291 |     17 |      2 |   1066 |   2 |  654.0 |
               +--------+--------+--------+--------+--------+-----+--------+

Top non-repeatable levels by time:
     D:1: 1069 daAuts
     D:2: 239 daAuts
